 Dungeon Crawl Stone Soup version 0.27-a0-416-gca2cecf3c0 (webtiles) character file.

Game seed: 4243722109999147858

37 dickylongcocking the Sneak (level 3, -2/26 HPs)
             Began as an Octopode Delver on Feb 24, 2021.
             Was an Initiate of Wu Jian.
             Slain by a phantom (7 damage)
             ... on level 4 of the Dungeon.
             The game lasted 00:01:52 (1542 turns).

dickylongcocking the Sneak (Octopode Delver)        Turns: 1542, Time: 00:01:53

Health: -2/26      AC:  1    Str: 11    XL:     3   Next: 41%
Magic:  3/3        EV: 13    Int: 12    God:    Wu Jian [......]
Gold:   0          SH:  0    Dex: 14    Spells: 2/2 levels left

rFire    . . .     SeeInvis .     - Unarmed
rCold    . . .     Faith    .   (no shield)
rNeg     . . .     Spirit   .   (helmet restricted)
rPois    .         Reflect  .   (no amulet)
rElec    .         Harm     .   (no ring)
rCorr    .         Rampage  .   (no ring)
Will     .....                  (no ring)
Stlth    ++++......             (no ring)
HPRegen  0.08/turn              (no ring)
MPRegen  0.08/turn              (no ring)
                                (no ring)
                                (no ring)

@: no status effects
A: almost no armour, stealthy swim, amphibious, 8 rings, constrict 8, camouflage
1, gelatinous body 1
a: Renounce Religion


You were on level 4 of the Dungeon.
You worshipped Wu Jian.
Wu Jian was noncommittal.
You visited 1 branch of the dungeon, and saw 2 of its levels.

Inventory:

Scrolls
 a - a scroll of fog


   Skills:
 - Level 3.0 Fighting
 - Level 2.0 Dodging
 - Level 6.6 Stealth
 * Level 3.7 Unarmed Combat


You had 2 spell levels left.
You didn't know any spells.
Your spell library was empty.

Dungeon Overview and Level Annotations

Branches:
Dungeon (5/15)
 Temple: D:4-7

Altars:
Wu Jian


Innate Abilities, Weirdness & Mutations

You cannot wear most types of armour.
You are very stealthy in the water. (Stealth+)
You are amphibious.
You can wear up to eight rings at the same time.
You can use your tentacles to constrict eight enemies at once.
Your skin changes colour to match your surroundings (Stealth+).
Your rubbery body absorbs attacks. (AC +1, EV +1)


Message History

You see here a +0 hand axe.
Okay, then.
What are your orders? t - Shout!
Orders for allies: a - Attack new target. r - Retreat! s - Stop attacking. g - Guard the area. f - Follow me.
Anything else - Cancel.
Retreat in which direction?
Press: ? - help, Dir - move target, f - you
Okay, then.
As you read the scroll of fear, it crumbles to dust.
You assume a fearsome visage.
The phantom is unaffected.
The iguana looks frightened!
Aiming: Dig
Press: ? - help, Shift-Dir - straight line, f - you Please select a direction to dig.
The rock shatters into small pieces.
The now-empty wand crumbles to dust.
Found 6 boomerangs.
The phantom hits you!
Found 15 stones.
Found a stone staircase leading up.
There is a stone staircase leading up here.
You tentacle-slap the phantom.
The phantom is lightly damaged.
The phantom closely misses you.
Unknown command.
You barely miss the phantom.
The phantom is lightly damaged.
The phantom hits you.
* * * LOW HITPOINT WARNING * * *
The phantom blinks!
You blink.
Unknown command.
You aren't carrying any potions.
Unknown command.
Okay, then.
You closely miss the phantom.
The phantom is lightly damaged.
The phantom hits you!
You die...

# #..# # ##.#* #
##..# ## ##...##
.######...ยง.#
.....#......##
#............##*
#####..........###
###(.......W@#
*#.....######
**.....##
***......#
***,,......#***
,,,,,.......,,*
,,,,,,,,,,,****
,,,,,,,,,,**
,,,,,,,,,,*


You could see a phantom.

Vanquished Creatures
  A howler monkey skeleton (D:4)
  An adder (D:4)
  A worm (D:4)
  7 orcs (D:4)
10 creatures vanquished.

Notes
Turn   | Place    | Note
-------+----------+-------------------------------------------
     0 | D:5      | dickylongcocking the Octopode Delver began the quest for
                  | the Orb.
     0 | D:5      | Reached XP level 1. HP: 16/16 MP: 1/1
    10 | D:5      | Noticed a howler monkey
   525 | D:4      | Found an ornate altar of the Wu Jian Council.
   556 | D:4      | Became a worshipper of the Wu Jian Council
   595 | D:4      | Reached XP level 2. HP: 10/21 MP: 2/2
   962 | D:4      | Reached XP level 3. HP: 26/26 MP: 3/3
   980 | D:4      | Noticed a phantom
  1542 | D:4      | Slain by a phantom

Illustrated notes

Levels and vault maps discovered:
D:4:      layout_layer_cave, nzn_wu_jian_contemplation, wad_orctagon
D:5:      layout_rooms, lemuel_coloured_pillars_altar, uniq_sigmund

Skill      XL: |  1 |
---------------+----+-----
Unarmed Combat | 3 |  3.7
Fighting       | |  3.0
Dodging        | |  2.0
Stealth        | |  6.6

Action                   || total
-------------------------++-------
Melee: Unarmed           ||    36
       Tentacles         ||     8
       Constrict         ||    10
       Punch             ||     1
Invok: Lunge             ||     5
Evoke: Wand              ||     3
  Use: Scroll            ||     3
       Potion            ||     2
 Stab: Sleeping          ||     2
Armor: Skin              ||     2
Dodge: Dodged            ||    16

Table legend: (Time is in decaauts)
 A = Elapsed time spent in this place.
 B = Non-inter-level travel time spent in this place.
 C = Inter-level travel time spent in this place.
 D = Time resting spent in this place.
 E = Time spent auto-exploring this place.
 F = Levels seen in this place.
 G = Mean time per level.
                   A        B        C        D        E       F      G
               +--------+--------+--------+--------+--------+-----+--------+
         Total |   1520 |   1513 |      7 |   1103 |    131 |   2 |  760.0 |
       Dungeon |   1520 |   1513 |      7 |   1103 |    131 |   2 |  760.0 |
               +--------+--------+--------+--------+--------+-----+--------+

Top non-repeatable levels by time:
     D:4: 1492 daAuts
     D:5: 28 daAuts
